 Dungeon Crawl Stone Soup version 0.31.0-11-ge490571c62 (webtiles) character file.

Game seed: 12739520538781917438

260 Bobbunny the Ruffian (level 5, 0/45 HPs)
             Began as a Demigod Shapeshifter on Jan 30, 2024.
             Slain by Grinder (1 damage)
             ... while paralysed by Grinder
             ... on level 4 of the Dungeon.
             The game lasted 00:02:30 (3008 turns).

Bobbunny the Ruffian (Demigod Shapeshifter)         Turns: 3008, Time: 00:02:30

Health: 0/45       AC:  8    Str: 19    XL:     5   Next: 63%
Magic:  7/7        EV:  2    Int: 12    God:
Gold:   158        SH:  0    Dex: 13    Spells: 4/4 levels left

rFire   . .          .
                       - Unarmed
rCold   . . .        (no shield)
rNeg    . . .        r - +0 chain mail
rPois   +            (helmet currently unavailable)
rElec   .            (cloak currently unavailable)
rCorr   .            (gloves currently unavailable)
SInv    .            (boots currently unavailable)
Will    .....        (no amulet) Stlth
                     e - ring of poison resistance
HPRegen 0.27/turn    (no ring)
MPRegen 0.10/turn

%: no passive effects
@: paralysed, beast-form
A: beast (slay +2), high MP 1, forlorn, divine attributes
a: Begin Untransformation


You were on level 4 of the Dungeon.
You were a hulking beast.
You visited 1 branch of the dungeon, and saw 4 of its levels.

You collected 158 gold pieces.

Inventory:

Armour
 l - a +2 hat
 r - a +0 chain mail (worn)
 s - a +1 pair of boots
Jewellery
 e - a ring of poison resistance (left hand)
Talismans
 c - a beast talisman
 d - a flux talisman
Wands
 k - a wand of acid (3) (quivered)
 o - a wand of roots (3)
Scrolls
 a - 2 scrolls of poison
 f - a scroll of fog {unknown}
 i - a scroll of torment {unknown}
 j - a scroll of enchant weapon {unknown}
 m - a scroll of teleportation {unknown}
 p - a scroll of acquirement {unknown}
Potions
 b - a potion of lignification
 g - a potion of brilliance {unknown}
 h - a potion of attraction {unknown}
 n - a potion of curing {unknown}
 q - a potion of enlightenment {unknown}


   Skills:
 + Level 3.2 Fighting
 - Level 1.7 Dodging
 + Level 4.1 Unarmed Combat
 + Level 3.9 Shapeshifting


You had 4 spell levels left.
You didn't know any spells.
Your spell library contained the following spells:

 Spells                   Type           Power      Damage    Failure   Level
 Sublimation of Blood     Necr           0%         N/A       99%         2
 Gell's Gravitas          Tloc           0%         N/A       100%        3
 Teleport Other           Tloc           0%         N/A       100%        3
 Petrify                  Alch/Erth      0%         N/A       100%        4
 Irradiate                Conj/Alch      0%         3d11      100%        5
 Dispersal                Tloc           0%         N/A       100%        6


Dungeon Overview and Level Annotations

Branches:
Dungeon (4/15)
 Temple: D:4-7

Annotations:
D:4 Grinder


Innate Abilities, Weirdness & Mutations

You are a hulking beast.
Your limbs bulge with bestial killing power. (Slay +2)
You have an increased reservoir of magic. (+10% MP)
You shall have no god before yourself.
Your divine heritage dramatically boosts your attributes as you level up.


Message History

Pain shoots through your body!
Unknown command.
Grinder hits you!
You writhe in agony.
You hit Grinder.
Grinder is moderately wounded.
Grinder says, "Are you a fish?" Grinder hits you but does no damage.
You punch Grinder!
Grinder is heavily wounded.
Grinder completely misses you.
You hit Grinder.
Grinder is heavily wounded.
Grinder closely misses you.
You hit Grinder.
Grinder is severely wounded.
Grinder hits you.
You writhe in agony.
You hit Grinder.
Grinder is severely wounded.
A bombardier beetle comes into view.
Grinder gestures at you. Pain shoots through your body!
You barely miss Grinder.
Grinder is severely wounded.
Grinder gestures at you. You resist with significant effort.
You closely miss Grinder.
Grinder is severely wounded.
Grinder gestures at you.
You suddenly lose the ability to move!
Grinder hits you!
* * * LOW HITPOINT WARNING * * *
Grinder hits you!
* * * LOW HITPOINT WARNING * * *
You writhe in agony.
* * * LOW HITPOINT WARNING * * *
Grinder is no longer covered in acid.
The bombardier beetle bites you but does no damage.
Grinder hits you.
You die...
Grinder sighs, "Dead already?
I want a refund."

#.. ##.....).......
#..(##..............
#...#...............
...................
#...............#
#.#.............>..
#.?................
....................
....#...5h.......#.#
... ##.#B.##.......#
# #.#.#.......###
#.#.#.......#
#.#.#.......#
#.#.#.......#
...######## ...


You could see Grinder and a bombardier beetle.

Vanquished Creatures
  A scorpion (D:4)
  An orc priest (D:3)
  Natasha (thrice) (D:3)
  2 adders
  10 orcs (D:3)
  4 ball pythons
  3 bats (D:2)
  5 endoplasms
  8 giant cockroaches
  7 goblins
  3 hobgoblins
  2 jackals (D:1)
  2 quokkas
  4 frilled lizards
  6 kobolds
  7 rats
68 creatures vanquished.

Notes
Turn   | Place    | Note
-------+----------+-------------------------------------------
     0 | D:1      | Bobbunny the Demigod Shapeshifter began the quest for the
                  | Orb.
     0 | D:1      | Reached XP level 1. HP: 15/15 MP: 3/3
    63 | D:1      | Reached skill level 1 in Fighting
   154 | D:1      | Reached XP level 2. HP: 9/23 MP: 4/4
   382 | D:1      | Reached skill level 3 in Unarmed Combat
  1280 | D:2      | Reached XP level 3. HP: 29/29 MP: 5/5
  1902 | D:3      | Noticed Natasha
  1912 | D:3      | Killed Natasha
  1913 | D:3      | Reached XP level 4. HP: 9/36 MP: 6/6
  1918 | D:3      | Noticed Natasha
  1924 | D:3      | Killed Natasha
  2381 | D:3      | Reached XP level 5. HP: 31/44 MP: 7/7
  2758 | D:3      | Noticed Natasha
  2764 | D:3      | Killed Natasha
  2939 | D:4      | Reached skill level 4 in Unarmed Combat
  2986 | D:4      | Noticed Grinder
  2987 | D:4      | Paralysed by Grinder for 2 turns
  3005 | D:4      | Paralysed by Grinder for 4 turns
  3007 | D:4      | HP: 1/45 [Grinder (2)]
  3008 | D:4      | Slain by Grinder

Illustrated notes

Levels and vault maps discovered:
D:1:      minmay_arrival_floating_metal, layout_basic, minmay_worlds_worst_comb
D:2:      layout_loops_ring, minmay_misc_feat_ornament
D:3:      layout_loops_ring, uniq_crazy_yiuf_cottage, uniq_natasha
D:4:      layout_rooms, hangedman_minor_gate_pass, uniq_grinder

Skill      XL: |  1  2  3  4  5 |
---------------+----------------+-----
Fighting       | 1 2 3 |  3.2
Unarmed Combat | 3 4 |  4.1
Shapeshifting  | 3 |  3.9
Dodging        | |  1.7

Action                     |  1- 3 |  4- 6 || total
---------------------------+-------+-------++-------
  Melee: Unarmed           |   136 |    63 ||   199
         Punch             |     2 |     2 ||     4
  Evoke: Wand              |       |     4 ||     4
    Use: Scroll            |       |     1 ||     1
 Armour: Animal skin       |    20 |       ||    20
         Ring mail         |    52 |     7 ||    59
         Chain mail        |       |    37 ||    37
  Dodge: Dodged            |    60 |    21 ||    81
